 Dungeon Crawl Stone Soup version 0.25-a0-1137-g7f6bfe4 (webtiles) character file.

Game seed: 13497635337903057712, levelgen mode: deterministic

63 thirtiethelement the Skirmisher (level 3, -2/30 HPs)
             Began as a Demonspawn Abyssal Knight on May 23, 2020.
             Was a Follower of Lugonu.
             Slain by a sky beast (6 damage)
             ... on level 1 of the Dungeon.
             The game lasted 00:07:47 (1462 turns).

thirtiethelement the Skirmisher (DsAK)              Turns: 1462, Time: 00:07:48

Health: -2/30      AC: 18    Str: 17    XL:     3   Next: 87%
Magic:  4/4        EV:  5    Int: 22    God:    Lugonu [*.....]
Gold:   101        SH:  0    Dex: 12    Spells: 2/2 levels left

rFire    . . .     SeeInvis .   a - +1 falchion
rCold    . . .     Gourm    .   (no shield)
rNeg     . . .     Faith    .   f - +5 plate armour of the Old World {MR- rCorr Str+4 Int+9}
rPois    .         Spirit   .   (no helmet)
rElec    .         Reflect  .   (no cloak)
rCorr    +         Harm     .   (no gloves)
MR       .....                  (no boots)
Stlth    ..........             l - amulet of magic regeneration
HPRegen  0.10/turn              (no ring)
MPRegen  0.34/turn              (no ring)

@: no status effects
A: slimy green scales 1, rot immunity
a: Depart the Abyss, Renounce Religion


You were on level 1 of the Dungeon.
You worshipped Lugonu.
Lugonu was aware of your devotion.
You were not hungry.

You visited 1 branch of the dungeon, and saw 2 of its levels.
You visited the Abyss 1 time.

You collected 101 gold pieces.

Inventory:

Hand Weapons
 a - a +1 falchion (weapon)
Armour
 b - a +0 leather armour
 f - the +5 plate armour of the Old World (worn) {MR- rCorr Str+4 Int+9}
   (You found it on level 2 of the Abyss)

   It affects your strength (+4).
   It affects your intelligence (+9).
   It affects your resistance to hostile enchantments.
   It provides partial protection from all sources of acid and corrosion.
Magical Staves
 e - an uncursed staff of wizardry {unknown}
Jewellery
 d - the ring "Hiaterai" {rF++ rC- Str+2 Int+6}
   (You acquired it on level 2 of the Dungeon)

   [ring of intelligence]

   It affects your strength (+2).
   It affects your intelligence (+6).
   It greatly protects you from fire.
   It makes you vulnerable to cold.
 l - an amulet of magic regeneration (around neck)
Potions
 k - a potion of haste {unknown}
 m - a potion of brilliance {unknown}
 n - a potion of stabbing {unknown}
Comestibles
 c - 2 rations


   Skills:
 + Level 3.9 Fighting
 + Level 2.6 Long Blades
 + Level 2.3 Armour
 + Level 0.8 Dodging
 + Level 0.1 Stealth
 + Level 2.4 Invocations


You had 2 spell levels left.
You didn't know any spells.
Your spell library was empty.

Dungeon Overview and Level Annotations

Branches:
Dungeon (2/15)

Altars:


Innate Abilities, Weirdness & Mutations

You are partially covered in slimy green scales. (AC +2)
You are immune to rotting.


Message History

You hit the sky beast.
The sky beast is severely wounded.
The sky beast barely misses you.
You riposte.
You closely miss the sky beast.
The sky beast is severely wounded.
You hit the sky beast.
The sky beast is severely wounded.
The sky beast hits you but does no damage.
You closely miss the sky beast.
The sky beast is severely wounded.
The sky beast hits you but does no damage.
You hit the sky beast.
The sky beast is almost dead.
The sky beast barely misses you.
You riposte.
You closely miss the sky beast.
The sky beast is almost dead.
Your plate armour of the Old World prevents you from hitting the sky beast.
The sky beast is almost dead.
The sky beast hits you.
* * * LOW HITPOINT WARNING * * *
The sky beast shocks you.
You die...

#####..................#..###.#.#
##.....####...............###...#
##............................###
##..............#..####..........
##........#.....##.####..........
##....##.....#...................
..........##+###'##..###.........
##........#...#...#..# ##........
#........#...#.@.#..####........
##.....#.##...#Y..#..##..........
#.........#.<.#.>.#...^.#....)...
..........#...#...#.....#.......÷
##........#...#.>.#######.......)
#########.#...#...# #.......)
########.##'###'## #########
#........##.###.#
#........†..##..################


You could see a sky beast.

Vanquished Creatures
  A gnoll (D:2)
  An adder (D:2)
  8 bats
  4 giant cockroaches
  10 hobgoblins
  3 kobolds (D:1)
  A frilled lizard (D:2)
  5 goblins (D:1)
  7 rats
40 creatures vanquished.

Notes
Turn   | Place    | Note
-------+----------+-------------------------------------------
     0 | Abyss:1  | thirtiethelement the Demonspawn Abyssal Knight began the
                  | quest for the Orb.
     0 | Abyss:1  | Reached XP level 1. HP: 18/18 MP: 2/2
   200 | Abyss:1  | Found a corrupted altar of Lugonu.
   263 | Abyss:2  | Noticed an iron imp
   267 | Abyss:2  | Got a smoking plate armour
   268 | D:1      | Escaped the Abyss
   279 | D:1      | Identified the +5 plate armour of the Old World {MR- rCorr
                  | Str+4 Int+9} (You found it on level 2 of the Abyss)
   397 | D:1      | Gained mutation: You are partially covered in slimy green
                  | scales. (AC +2) [demonic ancestry]
   397 | D:1      | Reached XP level 2. HP: 24/24 MP: 3/3
   515 | D:1      | Reached * piety under Lugonu
   813 | D:2      | Gained mutation: You are immune to rotting. [demonic
                  | ancestry]
   813 | D:2      | Reached XP level 3. HP: 30/30 MP: 4/4
  1109 | D:2      | Noticed a sky beast
  1121 | D:2      | Identified a scroll of acquirement
  1151 | D:2      | Got the ring "Hiaterai" {rF++ rC- Str+2 Int+6}
  1462 | D:1      | Slain by a sky beast

Illustrated notes

Levels and vault maps discovered:
D:1:      minmay_arrival_up_and_down, layout_rooms
D:2:      minmay_diamond_boxcup, layout_basic, grunt_qazlal_sundering,
          old_standard_altar, minmay_heptomino_d4

Skill      XL: |  1  2 |
---------------+-------+-----
Armour         | 2 |  2.3
Long Blades    | 2 |  2.6
Fighting       | |  3.9
Dodging        | |  0.8
Stealth        | |  0.1
Invocations    | |  2.4

Action                   || total
-------------------------++-------
Melee: Falchion          ||   179
Invok: Depart the Abyss  ||     1
  Use: Scroll            ||     5
       Potion            ||     3
  Eat: Ration            ||     1
Armor: Plate armour      ||   209
Dodge: Dodged            ||    60
       Rpst.: Falchion   ||    20

Table legend:
 A = Non-vault XP
 B = Vault XP
 C = Vault XP percentage of total XP
 D = Non-vault monster count
 E = Vault monster count
 F = Vault count percentage of total count
                 A         B        C        D         E       F
            +---------+---------+-------+---------+---------+-------
      Total |      53 |      37 |  41.1 |      32 |       8 |  20.0
            +---------+---------+-------+---------+---------+-------
        D:1 |      40 |       0 |   0.0 |      24 |       0 |   0.0
        D:2 |      13 |      37 |  74.0 |       8 |       8 |  50.0
            +---------+---------+-------+---------+---------+-------
